 Dungeon Crawl Stone Soup version 0.29-a0-384-g6960b1960d (webtiles) character file.

Game seed: 3198558979864537763

107 jlumianski the Skirmisher (level 4, -11/35 HPs)
             Began as a Demonspawn Fighter on May 6, 2022.
             Mangled by an ogre
             ... wielding a +0 giant club
              (13 damage)
             ... on level 4 of the Dungeon.
             The game lasted 00:04:05 (1550 turns).

jlumianski the Skirmisher (Demonspawn Fighter)      Turns: 1550, Time: 00:04:06

Health: -11/35     AC:  6    Str: 18    XL:     4   Next: 57%
Magic:  4/4        EV:  9    Int:  9    God:
Gold:   120        SH:  4    Dex: 13    Spells: 3/3 levels left

rFire   . . .      SeeInvis .   a - +0 war axe
rCold   . . .      Faith    .   c - +0 buckler
rNeg    . . .      Spirit   .   b - +0 scale mail
rPois   .          Reflect  .   (no helmet)
rElec   .          Harm     .   (no cloak)
rCorr   .          Rampage  .   (no gloves)
Will    .....                   (no boots)
Stlth   ..........              (no amulet)
HPRegen 0.11/turn               (no ring)
MPRegen 0.09/turn               (no ring)

@: no status effects
A: powered by death 1
a: no special abilities


You were on level 4 of the Dungeon.
You visited 1 branch of the dungeon, and saw 4 of its levels.

You collected 120 gold pieces.

Inventory:

Hand Weapons
 a - a +0 war axe (weapon)
Missiles
 g - 33 stones (quivered)
Armour
 b - a +0 scale mail (worn)
 c - a +0 buckler (worn)
Scrolls
 e - a scroll of identify
 f - a scroll of vulnerability {unknown}
 h - 3 scrolls of poison {unknown}
 j - a scroll of teleportation {unknown}
 l - a scroll of amnesia {unknown}
Potions
 d - a potion of might
 i - a potion of magic
 k - a potion of curing


   Skills:
 + Level 3.4 Fighting
 + Level 2.9 Axes
 + Level 0.7 Throwing
 + Level 3.2 Armour
 + Level 0.7 Dodging
 + Level 3.0 Shields


You had 3 spell levels left.
You didn't know any spells.
Your spell library contained the following spells:

 Spells                   Type           Power      Damage    Failure   Level
 Tukima's Dance           Hex            0%         N/A       99%         3
 Passage of Golubria      Tloc           0%         N/A       100%        4
 Yara's Violent Unravell  Hex/Tmut       0%         3d3       100%        5


Dungeon Overview and Level Annotations

Branches:
Dungeon (4/15)
 Temple: D:4-7

Altars:


Innate Abilities, Weirdness & Mutations

You regenerate a little health from kills.


Message History

The orc barely misses you. The orc hits you but does no damage.
The orc hits you but does no damage.
You climb upwards.
There is a stone staircase leading down here.
You hit the orc but do no damage.
The orc is moderately wounded.
The orc barely misses you.
You closely miss the orc.
The orc is moderately wounded.
The orc hits you but does no damage. x2
You slash the orc!
You kill the orc!
Things that are here:
a +0 flail; a +0 chain mail; an orc corpse
Things that are here:
a +0 flail; a +0 chain mail; an orc corpse
There is a stone staircase leading down here.
You climb downwards.
You hear the hiss of flowing sand.
There is an entrance to an ossuary on this level.
Hurry and find it before the portal is buried!
You block the ogre's attack.
There is a stone staircase leading up here.
You slash the ogre!
The ogre is moderately wounded.
The ogre hits you with a +0 giant club!
You closely miss the ogre.
The ogre is moderately wounded.
The ogre barely misses you.
You hit the ogre.
The ogre is moderately wounded.
The ogre hits you with a +0 giant club!!
Ouch! That really hurt!
* * * LOW HITPOINT WARNING * * *
You hit the ogre.
The ogre is heavily wounded.
The ogre barely misses you.
You slash the ogre!
The ogre is severely wounded.
The ogre hits you with a +0 giant club!
You die...

### ####
#@##...
#O#...
#(#..##
#.#...
####.#.###
#........#
###..#.#.#
.#. ##
....(.... ..
...
.......#.....
$. ....


You could see an ogre.

Vanquished Creatures
  A scorpion (D:3)
  2 adders (D:3)
  A worm (D:2)
  A dart slug (D:2)
  An orc (D:3)
  2 endoplasms (D:2)
  A giant cockroach (D:1)
  3 goblins
  5 hobgoblins
  A quokka (D:3)
  A ball python (D:3)
  4 bats
  A frilled lizard (D:2)
  A kobold (D:3)
  2 rats
27 creatures vanquished.

Notes
Turn   | Place    | Note
-------+----------+-------------------------------------------
     0 | D:1      | jlumianski the Demonspawn Fighter began the quest for the
                  | Orb.
     0 | D:1      | Reached XP level 1. HP: 18/18 MP: 1/1
   247 | D:2      | Gained mutation: You regenerate a little health from kills.
                  | [demonic ancestry]
   247 | D:2      | Reached XP level 2. HP: 23/24 MP: 2/2
   827 | D:3      | Noticed a scorpion
   839 | D:3      | Killed a scorpion
   840 | D:3      | Reached XP level 3. HP: 4/29 MP: 3/3
   840 | D:3      | Reached XP level 4. HP: 5/35 MP: 4/4
  1524 | D:4      | Noticed an ogre
  1550 | D:4      | Mangled by an ogre

Illustrated notes

Levels and vault maps discovered:
D:1:      elethiomel_arrival_maze, layout_loops_cross,
          ebering_ecumenical_altar_box
D:2:      layout_basic
D:3:      layout_loops_ring
D:4:      layout_basic, kennysheep_okawaru_gauntlet,
          minmay_temple_entry_enclosed_plants, nicolae_ossuary_entry_plus,
          uniq_eustachio

Skill      XL: |  1  2 |
---------------+-------+-----
Axes           | 2 |  2.9
Armour         | 3 |  3.2
Shields        | 3 |  3.0
Fighting       | |  3.4
Throwing       | |  0.7
Dodging        | |  0.7

Action                   |  1- 3 |  4- 6 || total
-------------------------+-------+-------++-------
Melee: War axe           |    55 |    39 ||    94
Throw: Stone             |    23 |     5 ||    28
  Use: Scroll            |       |     2 ||     2
Armor: Scale mail        |    20 |    20 ||    40
Dodge: Dodged            |    20 |    22 ||    42
Block: Buckler           |     9 |     9 ||    18

Table legend: (Time is in decaauts)
 A = Elapsed time spent in this place.
 B = Non-inter-level travel time spent in this place.
 C = Inter-level travel time spent in this place.
 D = Time resting spent in this place.
 E = Time spent auto-exploring this place.
 F = Levels seen in this place.
 G = Mean time per level.
                   A        B        C        D        E       F      G
               +--------+--------+--------+--------+--------+-----+--------+
         Total |   1594 |   1594 |      0 |    587 |    464 |   4 |  398.5 |
       Dungeon |   1594 |   1594 |      0 |    587 |    464 |   4 |  398.5 |
               +--------+--------+--------+--------+--------+-----+--------+

Top non-repeatable levels by time:
     D:3: 757 daAuts
     D:2: 639 daAuts
     D:1: 166 daAuts
     D:4: 30 daAuts
